 Dungeon Crawl Stone Soup version 0.29.0-11-gd7f09526c8 (webtiles) character file.

Game seed: 14725037557630758243

12644 sanka the Grappler (level 11, -2/113 HPs)
             Began as a Troll Monk on Sept 2, 2022.
             Was a High Priest of Okawaru.
             Slain by a troll (3 damage)
             ... on level 11 of the Dungeon.
             The game lasted 00:14:55 (8614 turns).

sanka the Grappler (Troll Monk)                     Turns: 8614, Time: 00:14:55

Health: -2/113     AC:  4    Str: 25    XL:     11   Next: 65%
Magic:  13/15      EV: 14    Int:  6    God:    Okawaru [*****.]
Gold:   188        SH:  0    Dex: 18    Spells: 10/10 levels left

rFire   . . .      SeeInvis .     - Unarmed
rCold   . . .      Faith    .   (no shield)
rNeg    . . .      Spirit   .   a - +0 robe
rPois   .          Reflect  .   (helmet restricted)
rElec   .          Harm     .   (no cloak)
rCorr   +          Rampage  .   (gloves unavailable)
Will    .....                   (boots unavailable)
Stlth   +++.......              C - amulet of regeneration
HPRegen 1.88/turn               l - +6 ring of dexterity
MPRegen 0.14/turn               d - ring of resist corrosion

@: heroic
A: large, unfitting armour, claws 3, regeneration 1, shaggy fur 1, tough skin 1
a: Renounce Religion, Heroism, Finesse, Duel


You were on level 11 of the Dungeon.
You worshipped Okawaru.
Okawaru was extremely pleased with you.
You visited 2 branches of the dungeon, and saw 12 of its levels.

You collected 629 gold pieces.
You spent 441 gold pieces at shops.


Innate Abilities, Weirdness & Mutations

You are too large for most types of armour.
You have claws for hands.
Your natural rate of healing is unusually fast.
You are covered in fur. (AC +1)
You have tough skin. (AC +1)


   Skills:
 + Level 8.9(13.9) Fighting
 - Level 2.4(7.4) Dodging
 - Level 1.0(6.0) Stealth
 + Level 13.9(18.9) Unarmed Combat
 + Level 7.4 Invocations


You had 10 spell levels left.
You didn't know any spells.
Your spell library contained the following spells:

 Spells                   Type           Power      Damage    Failure   Level
 Beastly Appendage        Tmut           0%         N/A       45%         1
 Foxfire                  Conj/Fire      0%         2x1d4     45%         1
 Magic Dart               Conj           0%         1d3       45%         1
 Sandblast                Erth           0%         2d4       45%         1
 Passwall                 Tmut/Erth      0%         N/A       58%         2
 Sublimation of Blood     Necr           0%         N/A       58%         2
 Wereblood                Tmut           0%         N/A       58%         2
 Conjure Flame            Conj/Fire      0%         6-21      83%         3
 Dazzling Flash           Conj/Hex       0%         N/A       83%         3
 Inner Flame              Hex/Fire       0%         N/A       83%         3
 Mephitic Cloud           Conj/Pois/Air  0%         N/A       83%         3
 Spider Form              Tmut/Pois      0%         N/A       83%         3
 Stone Arrow              Conj/Erth      0%         3d7       83%         3
 Flame Wave               Conj/Fire      0%         2d4       99%         4
 Iskenderun's Mystic Bla  Conj/Tloc      0%         2d3       99%         4
 Petrify                  Tmut/Erth      0%         N/A       99%         4
 Alistair's Intoxication  Tmut/Pois      0%         N/A       100%        5
 Borgnjor's Vile Clutch   Necr/Erth      0%         N/A       100%        5
 Irradiate                Conj/Tmut      0%         3d11      100%        5
 Conjure Ball Lightning   Conj/Air       0%         3x3d6     100%        6
 Eringya's Noxious Bog    Tmut/Pois      0%         N/A       100%        6
 Starburst                Conj/Fire      0%         6d3       100%        6
 Discord                  Hex            0%         N/A       100%        8
 Disjunction              Tloc           0%         N/A       100%        8
 Call Imp                 Summ           Unusable   N/A       N/A         2
 Summon Hydra             Summ           Unusable   N/A       N/A         7

Inventory:

Hand Weapons
 b - a +2 scimitar of flaming
 G - the +9 dagger "Bes Luy" {vorpal, rF- Dex+4 SInv}

   It inflicts extra damage upon your enemies.
   Dex:       It affects your dexterity (+4).
   rF:        It makes you vulnerable to fire.
   SInv:      It lets you see invisible.
 J - the +1 glaive of Dawn {drain, rF++ rC- Str+3 Dex+3} A truly terrible weapon, it drains the life of any living foe it strikes. Str: It affects your strength (+3). Dex: It affects your dexterity (+3). rF: It greatly protects you from fire. rC: It makes you vulnerable to cold.
Missiles
 h - 2 throwing nets {=f}
 i - 9 curare-tipped darts {=f}
 v - 3 silver javelins
 B - 6 large rocks {=f}
Armour
 a - a +0 robe (worn)
Magical Staves
 u - a staff of cold
Jewellery
 c - a ring of positive energy
 d - a ring of resist corrosion (right claw)
 l - a +6 ring of dexterity (left claw)
 A - a ring of flight
 C - an amulet of regeneration (around neck)
Wands
 r - a wand of digging (19)
 w - a wand of flame (51)
 E - a wand of roots (12)
 I - a wand of mindburst (7)
Scrolls
 f - a scroll of silence {!r}
 t - a scroll of magic mapping
 y - a scroll of brand weapon
 z - 6 scrolls of teleportation {@r4}
 F - 2 scrolls of amnesia
 H - a scroll of torment {!r}
 K - a scroll of enchant armour
Potions
 e - 3 potions of mutation {!q}
 g - 3 potions of might
 j - 3 potions of resistance
 k - 4 potions of haste {@q3}
 m - a potion of magic
 n - 2 potions of cancellation
 o - 2 potions of ambrosia
 p - 3 potions of lignification {!q}
 q - 5 potions of curing {@q1}
 s - 3 potions of invisibility
 D - a potion of flight {unknown}
Miscellaneous
 x - a lightning rod (4/4)

Dungeon Overview and Level Annotations

Branches:
Dungeon (11/15)            Temple (1/1) D:5            Lair (0/5) D:11
    Orc: D:9-12

Altars:
Ashenzari
Cheibriados
Dithmenos
Elyvilon
Fedhas
Gozag
Hepliaklqana
Kikubaaqudgha
Makhleb
Nemelex Xobeh
Okawaru
Qazlal
Ru
Sif Muna
Trog
Uskayaw
Vehumet
Wu Jian
Xom
Yredelemnul
Zin
The Shining One

Shops:
D:4 !   D:5 (   D:6 [   D:8 ( D:10

* ▒▒..........▒
...▒▒▒.▒▒..▒...▒
▒......▒......▒▒▒▒▒
▒▒▒..▒.....▒.......
▒.▒▒▒...▒▒▒.▒▒▒▒.
▒..▒..▒..▒..▒▒...
▒▒...▒▒....▒▒▒...
▒▒.▒▒▒▒▒▒▒▒▒....▒..▒.....
........TTg▒▒▒.▒▒▒.......
.f..f!▒▒▒▒........>......
.P...:▒▒ ▒▒.▒▒.▒▒.▒▒▒▒.▒▒
...[....▒▒▒†▒▒.▒▒÷▒ ▒..▒
.P....gP...T▒▒.▒>.▒ ▒▒.▒
...P.....▒.£......▒ .. .
P..P....▒▒▒▒..▒...▒ ▒.
...P..........▒▒▒.▒ .
f........▒.▒▒▒▒ ..


You could see a troll and a gnoll.


Message History

Something hits you!
* * * LOW HITPOINT WARNING * * *
You scratch something. Something hits you!
* * * LOW HITPOINT WARNING * * *
Use which ability? (? or * to list)
You gain the combat prowess of a mighty hero.
Something hits you but does no damage. Something hits you but does no damage.
You scratch something but do no damage. Something hits you.
* * * LOW HITPOINT WARNING * * *
You claw something! Okawaru accepts your kill.
Reactivating autopickup.
You feel a bit more experienced.
You eviscerate the bullfrog!!!
You kill the bullfrog!
Okawaru accepts your kill. The troll bites you.
* * * LOW HITPOINT WARNING * * *
The troll closely misses you. The troll claws you!
* * * LOW HITPOINT WARNING * * *
You scratch the troll.
The troll is lightly wounded.
The troll bites you!
* * * LOW HITPOINT WARNING * * *
The troll claws you.
You die...

Action                   |  1- 3 |  4- 6 |  7- 9 | 10-12 || total
-------------------------+-------+-------+-------+-------++-------
Melee: Unarmed           |    54 |   146 |   198 |   266 ||   664
       Punch             |     1 |     4 |    15 |    18 ||    38
Invok: Heroism           |       |       |     2 |     4 ||     6
Evoke: Wand              |       |       |     7 |       ||     7
  Use: Scroll            |       |       |    10 |     7 ||    17
       Potion            |       |       |       |     2 ||     2
 Stab: Sleeping          |     2 |     2 |     6 |     2 ||    12
       Distracted        |       |       |     1 |     1 ||     2
Armor: Robe              |    12 |    28 |    33 |    46 ||   119
Dodge: Dodged            |    30 |    64 |    94 |   112 ||   300

Levels and vault maps discovered:
D:1:      roderic_crossed_star, layout_loops_corners
D:2:      layout_basic
D:3:      layout_rooms
D:4:      layout_gridville, serial_shops, kennysheep_mini, uniq_natasha
D:5:      layout_gridville, minmay_temple_entry_trees, serial_shops,
          nicolae_shop_hallway_stairs, item_on_display_a
D:6:      gammafunk_steamed_eel, layout_gridville, serial_shops, shop,
          kennysheep_nub, uniq_eustachio
D:7:      layout_basic, kennysheep_mini_moat, kennysheep_flooded_box,
          kennysheep_windowed_goal
D:8:      layout_loops_ring, marbit_many_paths, minitemple, serial_shops,
          nicolae_shop_hallway_plus, uniq_prince_ribbit1
D:9:      layout_basic, minmay_hollow_rounded_squares, uniq_erica
D:10:     layout_irregular_city, nicolae_shop_clearance
D:11:     layout_rooms, due_lair_maze_entry_diamond, minmay_strange_pillars,
          chei_slow_surprise
Temple:   hellmonk_temple_two_chambers

Notes
Turn   | Place    | Note
-------+----------+-------------------------------------------
     0 | D:1      | sanka the Troll Monk began the quest for the Orb.
     0 | D:1      | Reached XP level 1. HP: 22/22 MP: 0/0
   336 | D:1      | Reached XP level 2. HP: 29/29 MP: 1/1
   897 | D:2      | Reached skill level 4 in Unarmed Combat
   897 | D:2      | Reached XP level 3. HP: 33/36 MP: 2/2
  1063 | D:2      | Reached skill level 5 in Unarmed Combat
  1063 | D:2      | Reached XP level 4. HP: 12/44 MP: 3/3
  1580 | D:3      | Reached XP level 5. HP: 48/50 MP: 4/4
  1706 | D:3      | Reached skill level 6 in Unarmed Combat
  2113 | D:4      | Noticed Natasha
  2120 | D:4      | Killed Natasha
  2136 | D:4      | Noticed an ogre
  2146 | D:4      | Killed an ogre
  2147 | D:4      | Reached skill level 7 in Unarmed Combat
  2147 | D:4      | Reached XP level 6. HP: 59/59 MP: 5/5
  2151 | D:4      | Noticed Natasha
  2157 | D:4      | Killed Natasha
  2181 | D:4      | Noticed Natasha
  2184 | D:4      | Killed Natasha
  2244 | D:4      | Noticed a water moccasin
  2332 | D:4      | Found Ipnewuem's Distillery.
  2335 | D:4      | Bought a potion of lignification for 36 gold pieces
  2335 | D:4      | Bought a potion of curing for 36 gold pieces
  2529 | D:4      | Killed a water moccasin
  2530 | D:4      | Reached skill level 8 in Unarmed Combat
  2530 | D:4      | Reached XP level 7. HP: 41/66 MP: 6/6
  2612 | D:5      | Entered Level 5 of the Dungeon
  2943 | D:5      | Reached skill level 9 in Unarmed Combat
  2952 | D:5      | Found a staircase to the Ecumenical Temple.
  2996 | Temple   | Entered the Ecumenical Temple
  3012 | Temple   | Became a worshipper of Warmaster Okawaru
  3012 | Temple   | Reached * piety under Okawaru
  3012 | Temple   | Reached ** piety under Okawaru
  3065 | D:5      | Found Okyrchulu's Antique Weapon Shop.
  3103 | D:5      | Reached skill level 1 in Invocations
  3131 | D:5      | Identified a potion of resistance
  3393 | D:6      | Identified the +1 ring mail of Instinct {rC+ Regen+ Int-3}
  3414 | D:6      | Reached skill level 2 in Invocations
  3414 | D:6      | Reached XP level 8. HP: 33/74 MP: 5/8
  3498 | D:6      | Reached skill level 3 in Invocations
  3606 | D:6      | Found a transporter.
  3676 | D:6      | Found a transporter.
  3690 | D:6      | Reached skill level 10 in Unarmed Combat
  3709 | D:6      | Reached skill level 4 in Invocations
  3862 | D:6      | Reached skill level 3 in Fighting
  3873 | D:6      | Found Cueno's Armour Emporium.
  3934 | D:6      | Reached *** piety under Okawaru
  3984 | D:6      | Noticed Eustachio
  3993 | D:6      | Killed Eustachio
  4129 | D:6      | Reached skill level 4 in Fighting
  4129 | D:6      | Reached XP level 9. HP: 52/84 MP: 11/11
  4393 | D:7      | Reached skill level 11 in Unarmed Combat
  4407 | D:7      | Reached skill level 5 in Fighting
  4466 | D:7      | Reached **** piety under Okawaru
  4685 | D:7      | Found a sparkling altar of Nemelex Xobeh.
  5253 | D:8      | Reached skill level 6 in Fighting
  5267 | D:8      | Reached skill level 12 in Unarmed Combat
  5282 | D:8      | Reached XP level 10. HP: 48/100 MP: 12/12
  5392 | D:8      | Found Pytwueq's Antique Weapon Shoppe.
  5760 | D:8      | Identified the +9 dagger "Bes Luy" {vorpal, rF- Dex+4 SInv}
  5926 | D:8      | Found a shimmering blue altar of Sif Muna.
  5926 | D:8      | Found a hazy altar of Hepliaklqana.
  5927 | D:8      | Found a glowing golden altar of the Shining One.
  5927 | D:8      | Found a white marble altar of Elyvilon.
  5930 | D:8      | Found a shadowy altar of Dithmenos.
  6050 | D:8      | Reached ***** piety under Okawaru
  6146 | D:8      | Found a broken altar of Ashenzari.
  6215 | D:8      | Noticed Prince Ribbit
  6220 | D:8      | Killed Prince Ribbit
  6221 | D:8      | Reached skill level 7 in Fighting
  6474 | D:9      | Reached skill level 5 in Invocations
  6536 | D:9      | Found a large runed translucent door.
  6640 | D:9      | Found a large runed translucent door.
  6640 | D:9      | Found a large runed translucent door.
  6642 | D:9      | Found a large runed translucent door.
  6666 | D:9      | Noticed a centaur warrior
  6673 | D:9      | Killed a centaur warrior
  6674 | D:9      | Reached skill level 13 in Unarmed Combat
  6690 | D:9      | Identified the +1 glaive of Dawn {drain, rF++ rC- Str+3
                  | Dex+3}
  6768 | D:9      | Noticed Erica
  6794 | D:9      | Killed Erica
  6794 | D:9      | Reached ****** piety under Okawaru
  6794 | D:9      | Received a gift from Okawaru
  6795 | D:9      | Reached skill level 6 in Invocations
  6795 | D:9      | Reached XP level 11. HP: 21/111 MP: 14/14
  6998 | D:9      | Received a gift from Okawaru
  6998 | D:9      | Found the +4 robe of Folly {Brilliance Will-∞ Int+8}
  6999 | D:9      | Reached skill level 8 in Fighting
  7281 | D:9      | Noticed a boulder beetle
  7294 | D:9      | Killed a boulder beetle
  7701 | D:10     | Entered Level 10 of the Dungeon
  7810 | D:11     | Noticed a white ugly thing
  7817 | D:11     | Killed a white ugly thing
  7986 | D:10     | Reached skill level 7 in Invocations
  8291 | D:10     | Found Waseyw's CLEARANCE SALE!.
  8300 | D:10     | Bought a scroll of identify for 10 gold pieces
  8300 | D:10     | Bought a scroll of torment for 47 gold pieces
  8427 | D:4      | Bought a potion of resistance for 120 gold pieces
  8427 | D:4      | Bought a potion of magic for 96 gold pieces
  8427 | D:4      | Bought a potion of cancellation for 96 gold pieces
  8588 | D:11     | Found a staircase to the Lair.
  8614 | D:11     | HP: 1/113 [troll (17)]
  8614 | D:11     | Slain by a troll

Vanquished Creatures
  A boulder beetle (D:9)
  A centaur warrior (D:9)
  Erica (D:9)
  An ugly thing (D:11)
  A cyclops (D:11)
  An unseen horror (D:11)
  A tengu conjurer (D:9)
  A troll (D:9)
  Prince Ribbit (D:8)
  23 yaks
  A basilisk (D:9)
  A wyvern (D:9)
  Eustachio (D:6)
  4 water moccasins
  3 orc warriors
  A sky beast (D:7)
  4 black bears
  3 ogres
  7 centaurs
  2 kobold brigands (D:9)
  9 bullfrogs
  3 necrophages
  3 gnoll sergeants
  4 scorpions
  9 wights
  10 killer bees
  7 howler monkeys
  3 electric eels (D:6)
  3 jellies
  4 hounds
  4 orc priests
  6 orc wizards
  Natasha (thrice) (D:4)
  6 iguanas
  10 gnolls
  5 adders
  A shadow imp (D:6)
  A white imp (D:7)
  2 ufetubi (D:6)
  3 worms
  2 dart slugs
  22 orcs
  7 endoplasms
  2 giant cockroaches
  3 goblins
  7 hobgoblins
  13 kobolds
  2 quokkas
  6 ball pythons
  7 bats
  5 frilled lizards
  7 rats
238 creatures vanquished.

Vanquished Creatures (others)
  33 fungi (D:11)
  45 plants
78 creatures vanquished.

Grand Total: 316 creatures vanquished
